 Dungeon Crawl Stone Soup version 0.30-a0-1124-g6e8f0f562f (webtiles) character file.

Game seed: 7286850537068479437

98 Twinkles the Ruffian (level 4, -3/40 HPs)
             Began as an Armataur Monk on Apr 23, 2023.
             Slain by an orc priest
             ... wielding a +0 hand axe
              (5 damage)
             ... on level 3 of the Dungeon.
             The game lasted 00:04:43 (1428 turns).

Twinkles the Ruffian (Armataur Monk)                Turns: 1428, Time: 00:04:43

Health: -3/40      AC:  6    Str: 18    XL:     4   Next: 43%
Magic:  4/4        EV:  8    Int: 11    God:
Gold:   110        SH:  0    Dex: 12    Spells: 3/3 levels left

rFire   . .          .
                       - Unarmed
rCold   . . .        c - orb {light}
rNeg    . . .        j - +0 scale mail
rPois   .            (no helmet)
rElec   .            (no cloak)
rCorr   .            (no gloves)
SInv    .            (no barding)
Will    .....        (no amulet) Stlth
                     (no ring)
HPRegen 0.26/turn    (no ring)
MPRegen 0.09/turn

%: roll
@: glowing
A: large, rugged brown scales 3, deformed body, armoured tail, roll, long
tongue, awkward tongue
a: no special abilities


You were on level 3 of the Dungeon.
You visited 1 branch of the dungeon, and saw 3 of its levels.

You collected 136 gold pieces.
You spent 26 gold pieces at shops.

Inventory:

Armour
 a - a +0 robe
 c - an orb of light (worn)
 j - a +0 scale mail (worn)
Jewellery
 d - a ring of ice
Scrolls
 f - a scroll of amnesia {unknown}
 g - 2 scrolls of teleportation {unknown}
 h - a scroll of immolation {unknown}
 l - a scroll of torment {unknown}
 Z - a scroll of identify
Potions
 b - a potion of haste {unknown}
 e - 2 potions of curing {unknown}
 i - a potion of berserk rage {unknown}
 k - 2 potions of resistance {unknown}
 G - a potion of ambrosia


   Skills:
 + Level 3.4 Fighting
 + Level 1.4 Armour
 - Level 2.5 Dodging
 * Level 3.7 Unarmed Combat


You had 3 spell levels left.
You didn't know any spells.
Your spell library was empty.

Dungeon Overview and Level Annotations

Branches:
Dungeon (3/15) Zot: 16579

Altars:
Nemelex Xobeh
Qazlal
Uskayaw

Shops:
D:1 ?

Annotations:
D:2 Sigmund


Innate Abilities, Weirdness & Mutations

You are completely covered in rugged brown scales. (AC +3, +7% HP)
Armour fits poorly on your strangely shaped body.
You have a long armoured tail.
You roll when moving toward enemies. (Rampage)
Your long tongue fully drains potion bottles. (2x potion effects)
Your tongue gives you trouble enunciating. (1.5x scroll delay)


Message History

The orc priest is almost dead.
The orc hits you with a +0 whip. The goblin hits you but does no damage.
The orc priest barely misses you.
You completely miss the orc priest.
The orc priest is almost dead.
The orc priest mumbles some strange prayers to Beogh against you.
Beogh smites you! The goblin hits you with a +0 club.
You barely miss the orc priest.
The orc priest is almost dead.
The orc priest begins to cast a cantrip, but forgets the words!
The orc priest hits you but does no damage.
The goblin hits you but does no damage. The orc hits you but does no damage.
A kobold comes into view.
It is wielding a +0 short sword of venom.
You roll towards the orc priest!
You hit the orc priest but do no damage.
You tail-slap the orc priest, but do no damage.
The orc priest hits you but does no damage.
The orc priest hits you with a +0 dagger.
The orc barely misses you. The goblin hits you but does no damage.
You hit the orc priest.
The orc priest is lightly wounded.
You hit the orc priest.
The orc priest is moderately wounded.
The orc priest mumbles some strange prayers to Beogh against you.
Pain shoots through your body!
* * * LOW HITPOINT WARNING * * *
The orc priest hits you but does no damage.
The goblin hits you with a +0 club.
* * * LOW HITPOINT WARNING * * *
The orc barely misses you.
You hit the orc priest.
You kill the orc priest!
The orc priest hits you with a +0 hand axe.
* * * LOW HITPOINT WARNING * * *
The goblin hits you but does no damage. The orc hits you with a +0 whip.
* * * LOW HITPOINT WARNING * * *
You hit the orc priest.
The orc priest is heavily wounded.
The orc priest hits you with a +0 hand axe.
You die...

#####.............
.................#.......
####............#.......
#.....♣♣♣♣♣♣♣... ..o....
##.##..♣♣♣♣♣♣♣.K# .......
...##.......♣♣†.# .......
#####.......♣♣..# .......
####..≈≈≈≈..♣♣.)##.......
.........≈..♣♣..@oo......
#####.._.§..♣♣.og#.......
#...§≈......##.######
#..............#
#...............#
##..............#
##############.# .# .


You could see an orc priest, 2 orcs, a goblin and a kobold.

Vanquished Creatures
  An orc priest (D:3)
  3 adders
  2 orcs (D:3)
  A ball python (D:2)
  4 endoplasms (D:1)
  5 giant cockroaches (D:1)
  3 goblins (D:1)
  6 hobgoblins
  5 kobolds
  3 bats
  5 frilled lizards
  2 rats (D:2)
40 creatures vanquished.

Notes
Turn   | Place    | Note
-------+----------+-------------------------------------------
     0 | D:1      | Twinkles the Armataur Monk began the quest for the Orb.
     0 | D:1      | Reached XP level 1. HP: 19/19 MP: 1/1
    16 | D:1      | Found Sisuosymp's Magic Scroll Shop.
   155 | D:1      | Bought a scroll of identify for 26 gold pieces
   299 | D:1      | Reached XP level 2. HP: 26/26 MP: 2/2
   681 | D:1      | Reached XP level 3. HP: 33/33 MP: 3/3
   997 | D:2      | Noticed Sigmund
  1182 | D:3      | Found a hide-covered altar of Uskayaw.
  1331 | D:3      | Found a stormy altar of Qazlal.
  1331 | D:3      | Found a sparkling altar of Nemelex Xobeh.
  1392 | D:3      | Reached skill level 1 in Armour
  1392 | D:3      | Reached XP level 4. HP: 40/40 MP: 4/4
  1426 | D:3      | HP: 5/40 [orc priest/nerve-wracking pain (12)]
  1427 | D:3      | HP: 2/40 [orc priest/+0 hand axe (1)]
  1428 | D:3      | Slain by an orc priest

Illustrated notes

Levels and vault maps discovered:
D:1:      saegor_arrival_simple_a, layout_basic, serial_shops, shop_coins,
          columned_hall_lemuel
D:2:      layout_rooms, serial_shops, nicolae_shop_real_fake_doors,
          kennysheep_generic_room_9, uniq_sigmund
D:3:      layout_basic, gammafunk_temple_overflow_elements,
          mainiacjoe_overflow_24_doors, mainiacjoe_overflow_chevrons,
          gammafunk_temple_overflow_wave, hangedman_abyss_or_decor_lesser_grid,
          nicolae_wormholes

Skill      XL: |  1  2  3 |
---------------+----------+-----
Fighting       | 3 |  3.4
Unarmed Combat | 3 |  3.7
Armour         | 1 |  1.4
Dodging        | |  2.5

Action                     |  1- 3 |  4- 6 || total
---------------------------+-------+-------++-------
  Melee: Unarmed           |   102 |    16 ||   118
         Tailslap          |    13 |     2 ||    15
 Armour: Robe              |    16 |       ||    16
         Scale mail        |    16 |    16 ||    32
  Dodge: Dodged            |    29 |     7 ||    36

Table legend: (Time is in decaauts)
 A = Elapsed time spent in this place.
 B = Non-inter-level travel time spent in this place.
 C = Inter-level travel time spent in this place.
 D = Time resting spent in this place.
 E = Time spent auto-exploring this place.
 F = Levels seen in this place.
 G = Mean time per level.
                   A        B        C        D        E       F      G
               +--------+--------+--------+--------+--------+-----+--------+
         Total |   1419 |   1230 |    189 |     56 |    903 |   3 |  473.0 |
       Dungeon |   1419 |   1230 |    189 |     56 |    903 |   3 |  473.0 |
               +--------+--------+--------+--------+--------+-----+--------+

Top non-repeatable levels by time:
     D:1: 941 daAuts
     D:3: 305 daAuts
     D:2: 172 daAuts
